 Dungeon Crawl Stone Soup version 0.30.1 (webtiles) character file.

Game seed: 9681238858400714121

56945 Graphine the Cruncher (level 14, -10/126 HPs)
             Began as an Armataur Monk on July 10, 2023.
             Was the Champion of Jiyva.
             Mangled by Kirke (21 damage)
             ... on level 5 of the Lair of Beasts.
             The game lasted 00:40:19 (13944 turns).

Graphine the Cruncher (Armataur Monk)              Turns: 13944, Time: 00:40:21

Health: -10/126    AC:  0    Str: 19 (21) XL:     14   Next: 43%
Magic:  31/31      EV: 14    Int:  7 (11) God:    Jiyva [******]
Gold:   1126       SH:  5    Dex:  9 (13) Spells: 34/34 levels left

rFire   . . .        g - melded +7 staff of the Meek {protect, meekguard}
rCold   . . .        (shield currently unavailable)
rNeg    . . .        I - melded +1 plate armour {rC+}
rPois   .            (helmet currently unavailable)
rElec   .            (cloak currently unavailable)
rCorr   +            J - melded +0 pair of gloves
SInv    .            (no barding)
Will    +....        q - amulet of reflection
Stlth   +            A - melded ring "Dunkyist" {rF+++ AC+4 Slay+3}
HPRegen 2.01/turn    B - melded ring "Cuarr" {Wiz rC+}
MPRegen 0.72/turn

%: reflection, roll
@: lethally poisoned (-10 -> -11), pig-form, hasted, studying Evocations, very
quick
A: fast, no casting, small, rugged brown scales 3, (deformed body), (armoured
tail), roll, long tongue, awkward tongue, (horns 1), (stinger 1), high MP 1,
wild magic 1, (eyeballs 3)
a: Renounce Religion, Oozemancy, Slimify


You were on level 5 of the Lair of Beasts.
You worshipped Jiyva.
Jiyva was exalted by your worship.
You were a filthy swine.
You visited 4 branches of the dungeon, and saw 21 of its levels.
You also visited: Ice Cave.

You collected 1581 gold pieces.
You spent 455 gold pieces at shops.

Inventory:

Hand Weapons
 e - a +2 flail of freezing
 g - the +7 staff of the Meek (melded) {protect, meekguard}
   (You found it on level 2 of the Dungeon)
 x - a +2 flail of protection
 H - the +0 hand axe "Hydraslayer" {flame, rC+ rN+ SInv}
   (You found it on level 9 of the Dungeon)

   rC:        It protects you from cold.
   rN:        It protects you from negative energy.
   SInv:      It lets you see invisible.
Missiles
 b - 13 boomerangs (quivered)
 O - a throwing net
Armour
 d - an orb of light
 r - a +0 pair of gloves
 y - a +0 buckler
 I - a +1 plate armour of cold resistance (melded)
 J - a +0 pair of gloves (melded)
 P - a +2 hat
Jewellery
 q - an amulet of reflection (around neck)
 t - a ring of ice
 A - the ring "Dunkyist" (melded) {rF+++ AC+4 Slay+3}
   (You took it off a kobold on level 8 of the Dungeon)

   [ring of protection]

   AC:        It affects your AC (+4).
   Slay:      It affects your accuracy & damage with ranged weapons and melee
   (+3).
   rF:        It renders you almost immune to fire.
 B - the ring "Cuarr" (melded) {Wiz rC+}
   (You took it off a kobold demonologist on level 8 of the Dungeon)

   [ring of wizardry]

   It improves your spell success rate.
   rC:        It protects you from cold.
 D - the ring of Tifept {rCorr Str+6}
   (You found it on level 8 of the Dungeon)

   [ring of resist corrosion]

   Str:       It affects your strength (+6).
   rCorr:     It protects you from acid and corrosion.
 E - the ring "Erugeopp" {Fire Dex+2 Slay+2 SInv}
   (You took it off an efreet on level 8 of the Dungeon)

   [ring of fire]

   It enhances your fire magic.
   Dex:       It affects your dexterity (+2).
   Slay:      It affects your accuracy & damage with ranged weapons and melee
   (+2).
   rF:        It protects you from fire.
   rC:        It makes you vulnerable to cold.
   SInv:      It lets you see invisible.
 M - a ring of positive energy
 U - a ring of flight
Wands
 c - a wand of quicksilver (11)
 l - a wand of polymorph (11)
 s - a wand of charming (8)
 v - a wand of flame (51)
 z - a wand of iceblast (8)
Scrolls
 h - 4 scrolls of poison
 k - 4 scrolls of noise
 m - 4 scrolls of teleportation
 n - 2 scrolls of magic mapping
 w - a scroll of brand weapon
 G - 4 scrolls of amnesia
 T - a scroll of enchant weapon
Potions
 a - 3 potions of heal wounds {unknown}
 f - 3 potions of might {unknown}
 i - 4 potions of attraction
 j - 3 potions of degeneration
 o - 2 potions of lignification {unknown}
 p - 3 potions of flight
 u - 2 potions of brilliance {unknown}
 C - 4 potions of curing {unknown}
 F - 2 potions of invisibility {unknown}
 L - a potion of experience {unknown}
 N - a potion of resistance {unknown}
 Q - 3 potions of mutation
Miscellaneous
 K - a lightning rod (4/4)
 R - a piece from Xom's chessboard (15/15)


   Skills:
 - Level 9.0 Fighting
 + Level 11.3(13.8) Maces & Flails
 - Level 12.9(14.6) Staves
 - Level 11.0 Armour
 - Level 2.1 Dodging
 - Level 3.1 Shields
 + Level 10.7 Spellcasting


You had 34 spell levels left.
You didn't know any spells.
Your spell library contained the following spells:

 Spells                   Type           Power      Damage    Failure   Level
 Necrotise                Necr           16%        1d4       22%         1
 Static Discharge         Conj/Air       8%         2-3/arc   32%         2
 Tukima's Dance           Hex            4%         N/A       52%         3
 Vampiric Draining        Necr           4%         2d6       52%         3
 Airstrike                Air            2%         2d(1-17)  88%         4
 Olgreb's Toxic Radiance  Pois           4%         N/A       88%         4
 Passage of Golubria      Tloc           4%         N/A       88%         4
 Summon Lightning Spire   Summ/Air       4%         N/A       88%         4
 Agony                    Necr           4%         N/A       99%         5
 Alistair's Intoxication  Tmut/Pois      2%         N/A       99%         5
 Borgnjor's Vile Clutch   Necr/Erth      2%         N/A       99%         5
 Yara's Violent Unravell  Hex/Tmut       2%         3d3       99%         5
 Eringya's Noxious Bog    Tmut/Pois      2%         N/A       100%        6
 Discord                  Hex            2%         N/A       100%        8
 Ignition                 Fire           2%         3d3       100%        8


Dungeon Overview and Level Annotations

Branches:
Dungeon (13/15)            Temple (1/1) D:4            Lair (5/5) D:11
 Shoals (0/4) Lair:2       Spider (0/4) Lair:2          Orc (2/2) D:12
    Elf (0/3) Orc:2         IceCv (visited)
  Slime: Lair:4-5    Vaults: D:13-14

Altars:
Ashenzari
Cheibriados
Dithmenos
Elyvilon
Fedhas
Gozag
Hepliaklqana
Kikubaaqudgha
Makhleb
Nemelex Xobeh
Okawaru
Qazlal
Ru
Sif Muna
Trog
Uskayaw
Vehumet
Wu Jian
Xom
Yredelemnul
Zin
The Shining One
Jiyva

Shops:
D:9 [   Orc:1 *(**   Orc:2 (([!

Annotations:
D:8 1 runed translucent door
Lair:5 Kirke


Innate Abilities, Weirdness & Mutations

You are a filthy swine.
You move quickly.
Your equipment is almost entirely melded.
You are incapable of wielding weapons or throwing items.
You cannot cast spells.
(You are completely covered in rugged brown scales. (AC +3, +7% HP))
((Armour fits poorly on your strangely shaped body.))
((You have a long armoured tail.))
You roll when moving toward enemies. (Rampage)
Your long tongue fully drains potion bottles. (2x potion effects)
Your tongue gives you trouble enunciating. (1.5x scroll delay)
((You have a pair of small horns on your head.))
((Your tail ends in a venomous barb.))
You have an increased reservoir of magic. (+10% MP)
Your spells are a little harder to cast, but a little more powerful.
((Your body is covered in eyes which may confuse attackers. (Acc +7, SInv)))


Message History

You hit the hog.
The hog is severely wounded.
You feel sick. The hog bites you! The hog closely misses you.
The hog bites you.
You bite the hog!
The hog is almost dead.
You feel sick. You block the hog's attack. The hog barely misses you.
You hear some strange, mumbled words.
Deactivating autopickup; reactivate with Ctrl-A.
You feel a momentary urge to oink. The hog misses you.
You closely miss the hog.
The hog is almost dead.
You feel sick. The hog closely misses you. The hog bites you!
The hog closely misses you.
You closely miss the hog.
The hog is almost dead.
You feel sick. You block the hog's attack. The hog bites you!
The hog bites you.
You hit the hog.
You kill the hog!
You feel sick. The hog bites you! Something barely misses you.
The hog bites you!
Okay, then.
Okay, then.
It was a potion of degeneration.
There was something very wrong with that liquid.
You feel weakened.
You feel dopey.
You feel clumsy.
You slurp down every last drop of the potion of degeneration!
You feel sick. The hog misses you. Something hits you!
* * * LOW HITPOINT WARNING * * *
The hog misses you.
Okay, then.
You feel yourself speed up.
You slurp down every last drop of the potion of haste!
You feel sick. The hog bites you.
* * * LOW HITPOINT WARNING * * *
The hog bites you!
* * * LOW HITPOINT WARNING * * *
Something hits you!!
You die...

##.F............#..#.##
###....F.....##......[..##
##PP.§........###.........#
.........#.....####........P#
.........###J...#.#........##
#..§#....####..###..........#
..#####..##.....##.........###
# #....#P.{...............#
....#.....hh..............##
..........h.†..............#
.............†....P.....####
#.#P#.......<.....#.##### #
###...........P####
#P.........†.## #P...........#
##...........# #...........#


You could see 2 hogs and a neutral jelly (wandering) (fellow slime).

Vanquished Creatures
  An orc warlord (Orc:2)
  The ghost of Loywebes the Blocker, a journeyman MiFi of Makhleb (Lair:3)
  A hydra (D:8)
  A catoblepas (Lair:4)
  A boulder beetle (D:12)
  2 ironbound frosthearts (IceCv)
  2 centaur warriors
  4 death yaks (IceCv)
  A dancing weapon (Lair:3)
  2 tengu warriors (D:13)
  5 two-headed ogres
  An orc high priest (Orc:2)
  2 orc knights (Orc:2)
  Pikel (D:7)
  5 ugly things
  4 deep elf pyromancers
  4 orc sorcerers
  5 cyclopes
  A manticore (D:12)
  9 elephants
  A merfolk siren (Lair:2)
  3 black mambas
  An ice statue (IceCv)
  A torpor snail (Lair:4)
  6 cane toads
  An unseen horror (D:11)
  A kobold demonologist (D:8)
  6 komodo dragons
  A rime drake (Lair:2)
  3 efreet (D:8)
  3 trolls
  A merfolk (Lair:2)
  3 dream sheep (Lair:4)
  7 polar bears
  8 blink frogs
  A wolf spider simulacrum (D:13)
  2 hornets
  A spriggan (shapeshifter) (D:8)
  3 wyverns
  A wraith (D:8)
  A culicivora (Lair:2)
  A shadow (D:12)
  44 yaks
  3 hogs (Lair:5)
  2 steam dragons (D:9)
  Grum (D:9)
  5 vampire mosquitoes
  7 wargs
  11 water moccasins
  4 acid dragons
  22 orc warriors
  3 sky beasts
  2 black bears
  3 ogres
  37 wolves
  4 centaurs
  A phantom (D:5)
  2 kobold brigands
  7 bullfrogs
  2 scorpions
  3 gnoll sergeants
  22 wights
  3 killer bees (D:8)
  5 howler monkeys
  An electric eel (Lair:3)
  A hound (D:7)
  20 orc priests
  2 iguanas
  2 sleepcaps
  26 orc wizards
  An adder (D:5)
  13 gnolls
  12 white imps (D:12)
  A worm (D:4)
  5 dart slugs
  68 orcs
  2 giant cockroaches (D:2)
  7 hobgoblins
  6 jackals
  6 kobolds
  5 quokkas
  5 ball pythons
  6 bats
  A frilled lizard (D:3)
  5 goblins
  2 rats
  A butterfly (Lair:3)
500 creatures vanquished.

Vanquished Creatures (others)
  2 cyclopes (D:13)
  6 slime creatures (D:13)
  A wyvern (D:8)
  A yak (IceCv)
  A steam dragon (D:7)
  A warg (Orc:2)
  2 sky beasts
  An ogre (Orc:2)
  3 centaurs (D:13)
  A lemure (D:7)
  4 bullfrogs
  A wight (D:8)
  A killer bee (D:8)
  A hound (D:7)
  43 jellies
  3 orc priests
  Jessica (D:3)
  2 orc wizards
  2 adders
  A shadow imp (D:8)
  A worm (D:5)
  A dart slug (D:3)
  15 orcs
  2 bats
  An endoplasm (D:2)
  A giant cockroach (D:1)
  A goblin (D:1)
  A hobgoblin (D:1)
  3 kobolds (D:7)
  A quokka (D:2)
  A ball python (D:1)
  A rat (D:1)
107 creatures vanquished.

Grand Total: 607 creatures vanquished

Notes
Turn   | Place    | Note
-------+----------+-------------------------------------------
     0 | D:1      | Graphine the Armataur Monk began the quest for the Orb.
     0 | D:1      | Reached XP level 1. HP: 19/19 MP: 1/1
    35 | D:1      | Found a faded altar of an unknown god.
    39 | D:1      | Prayed at the altar of an unknown god.
    39 | D:1      | Became a worshipper of Jiyva Jogisaze the Shapeless
    39 | D:1      | Reached * piety under Jiyva
    39 | D:1      | Reached ** piety under Jiyva
   111 | D:1      | Reached *** piety under Jiyva
   137 | D:1      | Reached XP level 2. HP: 26/26 MP: 2/2
   140 | D:1      | Reached skill level 1 in Armour
   151 | D:1      | Reached skill level 1 in Shields
   234 | D:1      | Gained mutation: You are covered in fur. (AC +1) [Jiyva's
                  | grace]
   234 | D:1      | Gained mutation: You are covered in thick fur. (AC +2)
                  | [Jiyva's grace]
   234 | D:1      | Gained mutation: Your thick and shaggy fur keeps you warm.
                  | (AC +3, rC+) [Jiyva's grace]
   234 | D:1      | Gained mutation: You have supernaturally acute eyesight.
                  | (SInv) [Jiyva's grace]
   480 | D:2      | Found the +7 staff of the Meek {protect, meekguard}
   525 | D:2      | Reached **** piety under Jiyva
   567 | D:2      | Reached XP level 3. HP: 32/33 MP: 3/3
   572 | D:2      | Reached XP level 4. HP: 38/40 MP: 4/4
  1025 | D:3      | Reached XP level 5. HP: 48/48 MP: 5/5
  1237 | D:3      | Killed Jessica
  1309 | D:3      | Found a sparkling altar of Nemelex Xobeh.
  1343 | D:3      | Reached ***** piety under Jiyva
  1607 | D:4      | Noticed a black bear
  1607 | D:4      | Lost mutation: Your thick and shaggy fur keeps you warm.
                  | (AC +3, rC+) [Jiyva's grace]
  1607 | D:4      | Lost mutation: You are covered in thick fur. (AC +2)
                  | [Jiyva's grace]
  1607 | D:4      | Gained mutation: You have a pair of small horns on your
                  | head. [Jiyva's grace]
  1607 | D:4      | Gained mutation: You have a pair of horns on your head.
                  | [Jiyva's grace]
  1607 | D:4      | Gained mutation: You have a pair of large horns on your
                  | head. [Jiyva's grace]
  1607 | D:4      | Gained mutation: You are covered in slimy tendrils that may
                  | disarm your opponents. [Jiyva's grace]
  1607 | D:4      | Found a glowing silver altar of Zin.
  1611 | D:4      | Killed a black bear
  1664 | D:4      | Reached skill level 1 in Staves
  1688 | D:4      | Found a staircase to the Ecumenical Temple.
  1922 | Temple   | Entered the Ecumenical Temple
  1922 | Temple   | Found a transporter.
  1922 | Temple   | Found a transporter.
  1924 | Temple   | Found a transporter.
  1924 | Temple   | Found a transporter.
  2085 | D:5      | Entered Level 5 of the Dungeon
  2112 | D:5      | Noticed an ogre
  2116 | D:5      | Killed an ogre
  2117 | D:5      | Reached XP level 6. HP: 55/55 MP: 6/6
  2199 | D:5      | Reached skill level 2 in Staves
  2199 | D:5      | Reached XP level 7. HP: 63/63 MP: 7/7
  2377 | D:5      | Found a blossoming altar of Fedhas.
  2924 | D:6      | Reached skill level 3 in Staves
  2925 | D:6      | Reached skill level 5 in Armour
  2931 | D:6      | Reached XP level 8. HP: 55/71 MP: 8/8
  3004 | D:6      | Reached skill level 5 in Fighting
  3004 | D:6      | Reached skill level 5 in Maces & Flails
  3152 | D:6      | Reached ****** piety under Jiyva
  3185 | D:6      | Lost mutation: You have a pair of large horns on your head.
                  | [Jiyva's grace]
  3185 | D:6      | Lost mutation: You have supernaturally acute eyesight.
                  | (SInv) [Jiyva's grace]
  3185 | D:6      | Gained mutation: Your melee attacks may engulf your foes in
                  | ooze. [Jiyva's grace]
  3185 | D:6      | Gained mutation: You have hidden genetic potential.
                  | [Jiyva's grace]
  3185 | D:6      | Gained mutation: You have great hidden genetic potential.
                  | [Jiyva's grace]
  3185 | D:6      | Gained mutation: You passively dampen the noise of your
                  | surroundings. [Jiyva's grace]
  3564 | D:7      | Reached skill level 4 in Staves
  3785 | D:7      | Noticed Pikel
  3790 | D:7      | Killed Pikel
  3791 | D:7      | Reached XP level 9. HP: 78/80 MP: 9/9
  3801 | D:7      | Gained mutation: Your flesh is heat resistant. (rF+)
                  | [hidden potential]
  4474 | D:8      | Reached skill level 5 in Staves
  4597 | D:8      | Noticed a purple ugly thing
  4597 | D:8      | Noticed an efreet
  4603 | D:8      | Killed a purple ugly thing
  4608 | D:8      | Killed an efreet
  4975 | D:8      | Lost mutation: You have a pair of horns on your head.
                  | [Jiyva's grace]
  4975 | D:8      | Lost mutation: Your melee attacks may engulf your foes in
                  | ooze. [Jiyva's grace]
  4975 | D:8      | Gained mutation: You are partially covered in large bone
                  | plates. (SH +4) [Jiyva's grace]
  4975 | D:8      | Gained mutation: You are mostly covered in large bone
                  | plates. (SH +6) [Jiyva's grace]
  4975 | D:8      | Gained mutation: You are completely covered in large bone
                  | plates. (SH +8) [Jiyva's grace]
  4975 | D:8      | Gained mutation: Your spells are a little harder to cast,
                  | but a little more powerful. [Jiyva's grace]
  4987 | D:8      | Reached XP level 10. HP: 61/92 MP: 10/10
  5020 | D:8      | Reached skill level 6 in Staves
  5031 | D:8      | Gained mutation: You possess an exceptional clarity of
                  | mind. [hidden potential]
  5031 | D:8      | Lost mutation: You have great hidden genetic potential.
                  | [hidden potential expressed]
  5249 | D:8      | Found a runed translucent door.
  5249 | D:8      | Found a runed translucent door.
  5249 | D:8      | Noticed a centaur warrior
  5267 | D:8      | Killed a centaur warrior
  5328 | D:8      | Noticed a cyclops
  5334 | D:8      | Killed a cyclops
  5352 | D:8      | Noticed a five-headed hydra
  5354 | D:8      | Identified the ring "Dunkyist" {rF+++ AC+4 Slay+3}
  5361 | D:8      | Killed a five-headed hydra
  5366 | D:8      | Reached skill level 7 in Staves
  5370 | D:8      | Identified the ring "Cuarr" {Wiz rC+}
  5378 | D:8      | Noticed a deep elf pyromancer
  5385 | D:8      | Killed a deep elf pyromancer
  5386 | D:8      | Reached skill level 10 in Armour
  5390 | D:8      | Noticed a cyclops
  5395 | D:8      | Killed a cyclops
  5396 | D:8      | Reached XP level 11. HP: 53/100 MP: 11/11
  5399 | D:8      | Noticed a deep elf pyromancer
  5405 | D:8      | Killed a deep elf pyromancer
  5418 | D:8      | Gained mutation: You have very sharp teeth. [hidden
                  | potential]
  5457 | D:8      | Identified the ring of Tifept {rCorr Str+6}
  5488 | D:8      | Identified the ring "Erugeopp" {Fire Dex+2 Slay+2 SInv}
  5529 | D:8      | Noticed a deep elf pyromancer
  5545 | D:8      | Killed a deep elf pyromancer
  5639 | D:8      | Found a hide-covered altar of Uskayaw.
  5875 | D:9      | Identified the +0 hand axe "Hydraslayer" {flame, rC+ rN+
                  | SInv}
  5968 | D:9      | Noticed Grum
  5972 | D:9      | Paralysed by a hornet for 1 turns
  5980 | D:9      | Reached skill level 8 in Staves
  5983 | D:9      | Killed Grum
  6143 | D:9      | Found Vite Fir's Armour Emporium.
  6151 | D:9      | Bought a +1 plate armour of cold resistance for 455 gold
                  | pieces
  6430 | D:10     | Entered Level 10 of the Dungeon
  6683 | D:10     | Found an ornate altar of the Wu Jian Council.
  6687 | D:10     | Found a sacrificial altar of Ru.
  6691 | D:10     | Found a glowing golden altar of the Shining One.
  6745 | D:10     | You fall into a shaft and drop 3 floors!
  6766 | D:13     | Noticed a tengu warrior
  6766 | D:13     | Noticed a tengu warrior
  6794 | D:13     | Killed a tengu warrior
  6795 | D:13     | Reached skill level 9 in Staves
  6799 | D:13     | Killed a tengu warrior
  6831 | D:13     | Noticed a centaur warrior
  6842 | D:13     | Killed a centaur warrior
  6864 | D:13     | Lost mutation: You have a pair of small horns on your head.
                  | [Jiyva's grace]
  6864 | D:13     | Lost mutation: You are completely covered in large bone
                  | plates. (SH +8) [Jiyva's grace]
  6864 | D:13     | Lost mutation: You have hidden genetic potential. [Jiyva's
                  | grace]
  6864 | D:13     | Lost mutation: You passively dampen the noise of your
                  | surroundings. [Jiyva's grace]
  6864 | D:13     | Gained mutation: Armour fits poorly on your pseudopods.
                  | [Jiyva's grace]
  6864 | D:13     | Gained mutation: Armour fits poorly on your large
                  | pseudopods. [Jiyva's grace]
  6864 | D:13     | Gained mutation: Armour fits poorly on your massive
                  | pseudopods. [Jiyva's grace]
  6864 | D:13     | Gained mutation: Your body has grown eyes which may confuse
                  | attackers. (Acc +3) [Jiyva's grace]
  6885 | D:13     | Noticed a green ugly thing
  6891 | D:13     | Killed a green ugly thing
  6892 | D:13     | Reached skill level 10 in Staves
  6964 | D:12     | Noticed a two-headed ogre
  6965 | D:12     | Noticed a purple ugly thing
  6976 | D:12     | Killed a purple ugly thing
  6980 | D:12     | Killed a two-headed ogre
  6981 | D:12     | Reached XP level 12. HP: 89/111 MP: 12/12
  7003 | D:12     | Noticed a two-headed ogre
  7010 | D:12     | Killed a two-headed ogre
  7011 | D:12     | Reached skill level 11 in Staves
  7036 | D:12     | Found a frozen archway.
  7049 | IceCv    | Entered an ice cave
  7157 | IceCv    | Reached skill level 12 in Staves
  7220 | IceCv    | Noticed a death yak
  7220 | IceCv    | Noticed a death yak
  7221 | IceCv    | Noticed a death yak
  7229 | IceCv    | Killed a death yak
  7236 | IceCv    | Killed a death yak
  7242 | IceCv    | Killed a death yak
  7289 | IceCv    | Noticed an ironbound frostheart
  7289 | IceCv    | Noticed an ironbound frostheart
  7325 | IceCv    | Killed an ironbound frostheart
  7326 | IceCv    | Reached skill level 1 in Spellcasting
  7337 | IceCv    | Killed an ironbound frostheart
  7505 | IceCv    | Noticed a death yak
  7522 | IceCv    | Killed a death yak
  7694 | D:12     | Noticed a boulder beetle
  7697 | D:12     | Reached skill level 5 in Spellcasting
  7699 | D:12     | Found a staircase to the Orcish Mines.
  7715 | D:12     | Reached XP level 13. HP: 91/118 MP: 20/20
  8008 | Orc:1    | Entered Level 1 of the Orcish Mines
  8039 | Orc:1    | You fall into a shaft and drop 1 floor!
  8039 | Orc:2    | Entered Level 2 of the Orcish Mines
  8079 | Orc:2    | Found Fonab's Distillery.
  8189 | Orc:1    | Found Maosmop's General Store.
  8250 | Orc:1    | Found Giucymea's Weapon Shoppe.
  8290 | Orc:1    | Found Huboix's Assorted Antiques.
  8328 | Orc:1    | Found Ubeutot's Assorted Antiques.
  8403 | Orc:2    | Gained mutation: You occasionally lose the ability to read
                  | scrolls when taking damage. [a neqoxec]
  8482 | Orc:2    | Lost mutation: You are mostly covered in large bone plates.
                  | (SH +6) [Jiyva's grace]
  8482 | Orc:2    | Lost mutation: You are covered in fur. (AC +1) [Jiyva's
                  | grace]
  8482 | Orc:2    | Lost mutation: Armour fits poorly on your massive
                  | pseudopods. [Jiyva's grace]
  8482 | Orc:2    | Lost mutation: Armour fits poorly on your large pseudopods.
                  | [Jiyva's grace]
  8482 | Orc:2    | Lost mutation: You are covered in slimy tendrils that may
                  | disarm your opponents. [Jiyva's grace]
  8482 | Orc:2    | Lost mutation: You occasionally lose the ability to read
                  | scrolls when taking damage. [Jiyva's grace]
  8482 | Orc:2    | Gained mutation: You passively dampen the noise of your
                  | surroundings. [Jiyva's grace]
  8482 | Orc:2    | Gained mutation: Your body has grown many eyes which may
                  | confuse attackers. (Acc +5) [Jiyva's grace]
  8482 | Orc:2    | Gained mutation: Your body is covered in eyes which may
                  | confuse attackers. (Acc +7, SInv) [Jiyva's grace]
  8482 | Orc:2    | Gained mutation: You are somewhat resistant to further
                  | mutation. [Jiyva's grace]
  8524 | Orc:2    | Noticed an orc warlord
  8540 | Orc:2    | Killed an orc warlord
  8583 | Orc:2    | Found Taunkuz's Antique Weapon Emporium.
  8585 | Orc:2    | Found Jepon's Antique Armour Shoppe.
  8739 | Orc:2    | Found a staircase to the Elven Halls.
  8984 | Orc:2    | Found Tifeha's Antique Weapon Boutique.
  9221 | D:11     | Found a staircase to the Lair.
  9925 | Lair:1   | Entered Level 1 of the Lair of Beasts
 10057 | Lair:1   | Lost mutation: You are partially covered in large bone
                  | plates. (SH +4) [Jiyva's grace]
 10057 | Lair:1   | Lost mutation: Your spells are a little harder to cast, but
                  | a little more powerful. [Jiyva's grace]
 10057 | Lair:1   | Lost mutation: Your body is covered in eyes which may
                  | confuse attackers. (Acc +7, SInv) [Jiyva's grace]
 10057 | Lair:1   | Lost mutation: Armour fits poorly on your pseudopods.
                  | [Jiyva's grace]
 10057 | Lair:1   | Gained mutation: You have a pair of small horns on your
                  | head. [Jiyva's grace]
 10057 | Lair:1   | Gained mutation: You have a pair of horns on your head.
                  | [Jiyva's grace]
 10057 | Lair:1   | Gained mutation: You have a pair of large horns on your
                  | head. [Jiyva's grace]
 10057 | Lair:1   | Gained mutation: Your body is covered in eyes which may
                  | confuse attackers. (Acc +7, SInv) [Jiyva's grace]
 10618 | Lair:2   | Found a hole to the Spider Nest.
 10873 | Lair:2   | Reached skill level 10 in Maces & Flails
 10953 | Lair:2   | Found a staircase to the Shoals.
 10992 | Lair:2   | Reached XP level 14. HP: 126/126 MP: 27/27
 11433 | Lair:3   | Lost mutation: You have a pair of large horns on your head.
                  | [Jiyva's grace]
 11433 | Lair:3   | Lost mutation: You have a pair of horns on your head.
                  | [Jiyva's grace]
 11433 | Lair:3   | Lost mutation: Your body is covered in eyes which may
                  | confuse attackers. (Acc +7, SInv) [Jiyva's grace]
 11433 | Lair:3   | Gained mutation: Your spells are a little harder to cast,
                  | but a little more powerful. [Jiyva's grace]
 11433 | Lair:3   | Gained mutation: Your spells are harder to cast, but more
                  | powerful. [Jiyva's grace]
 11433 | Lair:3   | Gained mutation: Your spells are much harder to cast, but
                  | much more powerful. [Jiyva's grace]
 11433 | Lair:3   | Gained mutation: You have a small jelly attached to you
                  | that senses nearby items. [Jiyva's grace]
 11441 | Lair:3   | Lost mutation: You passively dampen the noise of your
                  | surroundings. [potion of mutation]
 11441 | Lair:3   | Lost mutation: You possess an exceptional clarity of mind.
                  | [potion of mutation]
 11441 | Lair:3   | Lost mutation: You are somewhat resistant to further
                  | mutation. [potion of mutation]
 11441 | Lair:3   | Lost mutation: You have a pair of small horns on your head.
                  | [potion of mutation]
 11441 | Lair:3   | Lost mutation: Your flesh is heat resistant. (rF+) [potion
                  | of mutation]
 11441 | Lair:3   | Lost mutation: You have a small jelly attached to you that
                  | senses nearby items. [potion of mutation]
 11441 | Lair:3   | Gained mutation: Potions are less effective at restoring
                  | your health. [potion of mutation]
 11441 | Lair:3   | Gained mutation: You are frail. (-10% HP) [potion of
                  | mutation]
 11441 | Lair:3   | Gained mutation: You sometimes lose your temper in combat.
                  | [potion of mutation]
 11441 | Lair:3   | Gained mutation: You have an uncontrollable temper. [potion
                  | of mutation]
 11441 | Lair:3   | Gained mutation: Your tail ends in a venomous barb. [potion
                  | of mutation]
 11442 | Lair:3   | Lost mutation: Your spells are much harder to cast, but
                  | much more powerful. [potion of mutation]
 11442 | Lair:3   | Lost mutation: Your tail ends in a venomous barb. [potion
                  | of mutation]
 11442 | Lair:3   | Lost mutation: Your body has grown many eyes which may
                  | confuse attackers. (Acc +5) [potion of mutation]
 11442 | Lair:3   | Lost mutation: You have very sharp teeth. [potion of
                  | mutation]
 11442 | Lair:3   | Lost mutation: You are frail. (-10% HP) [potion of
                  | mutation]
 11442 | Lair:3   | Lost mutation: Your body has grown eyes which may confuse
                  | attackers. (Acc +3) [potion of mutation]
 11442 | Lair:3   | Lost mutation: Potions are less effective at restoring your
                  | health. [potion of mutation]
 11442 | Lair:3   | Gained mutation: You occasionally lose the ability to read
                  | scrolls when taking damage. [potion of mutation]
 11442 | Lair:3   | Gained mutation: You are frail. (-10% HP) [potion of
                  | mutation]
 11442 | Lair:3   | Gained mutation: You are clumsy. (Dex -2) [potion of
                  | mutation]
 11442 | Lair:3   | Gained mutation: You have a beak for a mouth. [potion of
                  | mutation]
 11443 | Lair:3   | Lost mutation: You are frail. (-10% HP) [potion of
                  | mutation]
 11443 | Lair:3   | Lost mutation: You have a beak for a mouth. [potion of
                  | mutation]
 11443 | Lair:3   | Lost mutation: You have an uncontrollable temper. [potion
                  | of mutation]
 11443 | Lair:3   | Lost mutation: You occasionally lose the ability to read
                  | scrolls when taking damage. [potion of mutation]
 11443 | Lair:3   | Gained mutation: You occasionally lose the ability to read
                  | scrolls when taking damage. [potion of mutation]
 11443 | Lair:3   | Gained mutation: Your body sometimes deteriorates upon
                  | taking damage. [potion of mutation]
 11443 | Lair:3   | Gained mutation: You are robust. (+10% HP) [potion of
                  | mutation]
 11443 | Lair:3   | Gained mutation: You have a pair of small horns on your
                  | head. [potion of mutation]
 11444 | Lair:3   | Lost mutation: You occasionally lose the ability to read
                  | scrolls when taking damage. [potion of mutation]
 11444 | Lair:3   | Lost mutation: You are robust. (+10% HP) [potion of
                  | mutation]
 11444 | Lair:3   | Lost mutation: You sometimes lose your temper in combat.
                  | [potion of mutation]
 11444 | Lair:3   | Lost mutation: You have a pair of small horns on your head.
                  | [potion of mutation]
 11444 | Lair:3   | Gained mutation: You have a pair of small horns on your
                  | head. [potion of mutation]
 11444 | Lair:3   | Gained mutation: Your tail ends in a venomous barb. [potion
                  | of mutation]
 11702 | Lair:3   | Found a runed translucent door.
 11710 | Lair:3   | Found a shimmering altar of Xom.
 11710 | Lair:3   | Noticed Loywebes's ghost (journeyman MiFi)
 11978 | Lair:3   | Reached skill level 10 in Spellcasting
 12241 | Lair:3   | Killed Loywebes's ghost
 13355 | Lair:4   | Lost mutation: You are clumsy. (Dex -2) [Jiyva's grace]
 13355 | Lair:4   | Lost mutation: Your body sometimes deteriorates upon taking
                  | damage. [Jiyva's grace]
 13355 | Lair:4   | Lost mutation: Your spells are harder to cast, but more
                  | powerful. [Jiyva's grace]
 13355 | Lair:4   | Gained mutation: Your body has grown eyes which may confuse
                  | attackers. (Acc +3) [Jiyva's grace]
 13355 | Lair:4   | Gained mutation: Your body has grown many eyes which may
                  | confuse attackers. (Acc +5) [Jiyva's grace]
 13355 | Lair:4   | Gained mutation: Your body is covered in eyes which may
                  | confuse attackers. (Acc +7, SInv) [Jiyva's grace]
 13355 | Lair:4   | Gained mutation: You have an increased reservoir of magic.
                  | (+10% MP) [Jiyva's grace]
 13763 | Lair:5   | Entered Level 5 of the Lair of Beasts
 13830 | Lair:5   | Noticed Kirke
 13944 | Lair:5   | Mangled by Kirke

Illustrated notes

Levels and vault maps discovered:
D:1:      erik_arrival_orb_chamber, layout_rooms, shapermc_ecumenical_altar_venn
D:2:      cheibrodos_pilgrimage, layout_loops_ring
D:3:      layout_loops_ring, mainiacjoe_overflow_catwalk, serial_aquarium,
          aquarium_bridge_straight [aquarium_subvault_bridge,
          aquarium_subvault_wall, aquarium_subvault_bridge,
          aquarium_subvault_window], aquarium_window_corridor_1,
          aquarium_window_corner, aquarium_view_2c, aquarium_balcony_double_3,
          aquarium_pool_split, minmay_misc_feat_room, uniq_jessica
D:4:      layout_basic, mainiacjoe_overflow_tiny_flanked,
          minmay_temple_entry_statues
D:5:      layout_basic, lemuel_tele_altar, minmay_crossroads
D:6:      layout_basic
D:7:      layout_basic, grunt_tough_drop, uniq_pikel
D:8:      minmay_the_grid_triangle_9x9_recursive_2
          [minmay_the_grid_triangle_9x9_prize_special,
          minmay_the_grid_triangle_9x9_steps,
          minmay_the_grid_triangle_9x9_stretched_checkered,
          minmay_the_grid_triangle_9x9_tough_junction], layout_loops_corners,
          nicolae_uskayaw_suspiria, nicolae_two_hexagons,
          minmay_shattered_shrine
D:9:      layout_long_grid, serial_shops, nicolae_shop_tiny_real_fake_doors,
          minmay_misc_feat_more_columns, hangedman_misty_isle, uniq_grum
D:10:     layout_rooms, grunt_temple_overflow_diamond
D:11:     layout_rooms, erik_lair_orcish_takeover
D:12:     layout_rooms, david_orc_3, portal_ice_cave_entry_imps
D:13:     layout_rooms, lemuel_flame_loot_1
Temple:   hellmonk_temple_divided_pantheon
Lair:1:   layout_gridlike
Lair:2:   layout_gridlike, elwin_shoals_entry_rooms,
          hellmonk_spider_entry_life_and_decay, grunt_megastairs_5,
          infiniplex_staircase_pool_2
Lair:3:   layout_regular_city, ebering_ghost_xom, grunt_megastairs_3,
          lemuel_fruit_tree, serial_bayou_shore_a, lemuel_fruit_fields
Lair:4:   layout_gridlike
Lair:5:   evilmike_catoblepas_cave, layout_small_grid, slime_entry_1,
          uniq_kirke, uniq_urug, uniq_josephine
Orc:1:    layout_diamond_mine, serial_shops, shop, shop,
          nicolae_shop_window_shopping, nicolae_shop_back_alley_shop
Orc:2:    grunt_orc_community_town_hall, layout_caves,
          grunt_orc_community_big_house_2, grunt_orc_community_big_house_1,
          grunt_orc_community_house_2, grunt_orc_community_house_1,
          grunt_orc_community_house_1, grunt_orc_community_house_1,
          mines_bat_river

Skill      XL: |  1  2  3  4  5  6  7  8  9 10 11 12 13 14 |
---------------+-------------------------------------------+-----
Armour         | 1 2 3 4 5 6 8 10 11 | 11.0
Shields        | 1 2 3 |  3.1
Maces & Flails | 3 4 6 7 8 10 11 | 11.3
Fighting       | 3 4 6 7 8 9 |  9.0
Staves         | 1 2 3 4 5 7 10 12 | 12.9
Spellcasting   | 5 9 10 | 10.7
Dodging        | |  2.1

Action                     |  1- 3 |  4- 6 |  7- 9 | 10-12 | 13-15 || total
---------------------------+-------+-------+-------+-------+-------++-------
  Melee: Mace              |    38 |       |       |       |       ||    38
         Tailslap          |     4 |     7 |    19 |    90 |   109 ||   229
         Quarterstaff      |    15 |    77 |   132 |   524 |   641 ||  1389
         Headbutt          |       |     3 |    28 |    50 |    87 ||   168
         Bite              |       |       |       |    54 |    66 ||   120
         Pseudopods        |       |       |       |    68 |    68 ||   136
         Unarmed           |       |       |       |       |     7 ||     7
 Invoke: Slimify           |       |       |       |       |     1 ||     1
    Use: Scroll            |       |     2 |     3 |     7 |     4 ||    16
         Potion            |       |       |       |     1 |     6 ||     7
   Stab: Distracted        |       |       |       |     2 |     1 ||     3
         Confused          |       |       |       |     3 |    18 ||    21
         Petrified         |       |       |       |       |     6 ||     6
 Armour: Robe              |    16 |       |       |       |       ||    16
         Leather armour    |    17 |    31 |    12 |       |       ||    60
         Chain mail        |       |       |    50 |    84 |       ||   134
         Plate armour      |       |       |       |   135 |   289 ||   424
  Dodge: Dodged            |    29 |    23 |    32 |    81 |   103 ||   268
  Block: Other             |       |       |    17 |   231 |   184 ||   432
         Reflection        |       |       |     1 |    11 |     6 ||    18
